Map: Frost LE

Players

Bariumenemy - Winner!

  • Race: Terran Terran
  • League: Silver
  • Spawn Location: 11:00

Fropez

  • Race: Protoss Protoss
  • League: Silver
  • Spawn Location: 7:00

VOD

Have the link to the VOD?

Description

Time

  • Played on: July 4, 2016, 2:45 p.m.
  • Length: 9:00
Show
View Real Time Build Order
Export as new Build Order

Bariumenemy Terran - Winner!

Build Orders:  

Get SALT Encoding   

  12  0:01  SCV  
  13  0:13  SCV  
  14  0:21  Supply Depot  
  14  0:25  SCV  
  15  0:42  SCV  
  16  0:44  Barracks  
  16  0:49  Refinery  
  16  0:56  SCV  
  17  1:08  SCV  
  18  1:12  Barracks  
  18  1:20  SCV  
  19  1:26  Refinery  
  19  1:33  Orbital Command  
  19  1:45  Ghost Academy  
  19  1:59  SCV  
  20  2:04  Marine  
  21  2:11  SCV, Supply Depot  
  22  2:20  Personal Cloaking  
  22  2:23  SCV  
  23  2:38  Barracks Tech Lab  
  23  2:48  Ghost Academy  
  23  2:49  SCV  
  24  3:01  SCV, Factory  
  25  3:11  Ghost  
  27  3:18  SCV, Supply Depot  
  28  3:45  Command Center  
  28  3:46  Nuke  
  28  3:51  Nuke  
  28  3:53  Widow Mine  
  30  3:59  Supply Depot  
  30  4:13  SCV  
  31  4:18  Ghost Academy  
  31  4:40  Factory Tech Lab  
  31  4:47  Nuke  
  31  4:53  SCV  
  31  4:59  Siege Tank, Refinery  
  35  5:20  SCV  
  36  5:27  SCV  
  37  5:31  Refinery  
  37  5:40  SCV, Nuke  
  38  6:06  SCV  
  39  6:11  Ghost  
  39  6:13  SCV  
  39  6:17  Ghost Academy  
  42  6:18  SCV  
  43  6:53  Nuke x3  
  43  6:54  Nuke  
  43  7:05  Engineering Bay  
  43  7:13  SCV  
  44  7:19  Marine  
  45  7:23  SCV  
  46  7:43  Ghost  
  48  7:45  Nuke  
  48  8:02  Nuke  
  48  8:03  Nuke  
  46  8:44  SCV  
  46  8:47  Barracks Tech Lab  
  47  8:50  Missile Turret  
Show
View Real Time Build Order
Export as new Build Order

Fropez Protoss 

Build Orders:  

Get SALT Encoding   

  12  0:02  Probe (Chrono Boost)  
  13  0:14  Pylon  
  13  0:18  Probe (Chrono Boost)  
  14  0:29  Probe (Chrono Boost)  
  15  0:40  Gateway  
  15  0:43  Probe (Chrono Boost)  
  16  0:52  Pylon  
  16  0:54  Probe (Chrono Boost)  
  17  1:00  Pylon  
  17  1:04  Probe (Chrono Boost)  
  18  1:16  Forge  
  18  1:17  Probe (Chrono Boost)  
  19  1:28  Probe (Chrono Boost)  
  20  1:38  Assimilator  
  20  1:39  Probe (Chrono Boost)  
  21  1:43  Gateway  
  21  1:49  Probe (Chrono Boost)  
  22  1:55  Photon Cannon  
  22  2:01  Photon Cannon  
  22  2:09  Pylon  
  22  2:11  Probe (Chrono Boost)  
  23  2:22  Probe (Chrono Boost)  
  24  2:29  Photon Cannon  
  24  2:32  Pylon, Probe (Chrono Boost)  
  25  2:43  Probe (Chrono Boost), Cybernetics Core  
  26  2:48  Assimilator  
  26  2:58  Photon Cannon  
  26  3:18  Nexus  
  26  3:24  Pylon  
  26  3:29  Warp Gate (Chrono Boost)  
  26  3:43  Photon Cannon  
  26  3:45  Pylon  
  26  4:01  Mothership Core  
  28  4:15  Photon Cannon x2  
  28  4:18  Photon Cannon  
  28  4:22  Probe  
  29  4:26  Pylon  
  29  4:35  Probe  
  30  4:44  Gateway  
  30  4:47  Gateway  
  30  4:54  Probe  
  30  4:55  Probe  
  32  5:14  Pylon  
  32  5:16  Pylon  
  32  5:17  Gateway  
  32  5:21  Pylon  
  32  5:24  Probe  
  32  5:25  Assimilator  
  23  5:38  Probe  
  23  5:40  Probe  
  23  5:41  Pylon  
  25  5:45  Pylon  
  11  6:28  Probe x2  
  11  6:30  Robotics Facility  
  13  7:22  Nexus  
  13  7:28  Observer  
  14  7:31  Probe  
  14  7:34  Probe  
  15  8:40  Probe  
  15  8:43  Pylon  
  15  8:46  Probe  
  15  8:47  Probe  
  15  8:48  Pylon  
Tags
 
Matchup
PvT
Replay Pack
All Mines
Spawn Locations
Close Positions
Add a new tag
Caveats
  • Supply blocks, unpowered buildings, or Contaminate may cause inaccurate times.
  • Supply counts are checked every 10 seconds.